 Dungeon Crawl Stone Soup version 0.23.2-33-g5129a83184 (webtiles) character file.

Game seed: 17563457193292159115

6489 Folque the Destroyer (level 10, -1/71 HPs)
             Began as a Demigod Conjurer on July 11, 2019.
             Splashed by a brown ugly thing's acid (12 damage)
             ... on level 10 of the Dungeon.
             The game lasted 00:37:24 (11176 turns).

Folque the Destroyer (Demigod Conjurer)            Turns: 11176, Time: 00:37:25

Health: -1/71      AC:  6    Str: 13    XL:     10   Next: 41%
Magic:  0/20       EV: 13    Int: 23    God:
Gold:   461        SH:  0    Dex: 16    Spells: 8/18 levels left

rFire    . . .     SeeInvis .   G - +4 long sword
rCold    . . .     Gourm    .   (no shield)
rNeg     . . .     Faith    .   n - +0 ring mail
rPois    .         Spirit   .   (no helmet)
rElec    .         Reflect  .   (no cloak)
rCorr    .         Harm     .   (no gloves)
MR       +....                  (no boots)
Stlth    +.........             (no amulet)
HPRegen  0.21/turn              (no ring)
MPRegen  0.17/turn              (no ring)

@: about to teleport
A: high mp 1
a: no special abilities


You were on level 10 of the Dungeon.
You were not hungry.

You visited 1 branch of the dungeon, and saw 10 of its levels.

You collected 461 gold pieces.

Inventory:

Hand Weapons
 h - a +0 short sword
 r - a +0 quarterstaff
 u - a +0 dagger of speed
 v - a +0 long sword
 D - a +1 glaive of protection
 G - a +4 long sword (weapon)
Missiles
 o - 4 javelins (quivered)
Armour
 a - a +1 robe
 n - a +0 ring mail (worn)
 C - a +4 ring mail
Jewellery
 f - a cursed ring of attention {unknown}
 k - an uncursed ring of protection from fire {unknown}
 F - an uncursed ring of resist corrosion {unknown}
 H - an uncursed ring of fire {unknown}
 N - a +4 ring of protection {unknown}
Wands
 I - a wand of flame (12)
 M - a wand of iceblast (10)
Scrolls
 b - a scroll of random uselessness
 d - 3 scrolls of enchant armour
 e - 11 scrolls of identify
 l - 7 scrolls of teleportation
 q - 2 scrolls of remove curse
 w - a scroll of noise {unknown}
 x - 3 scrolls of enchant weapon {unknown}
 y - 3 scrolls of amnesia {unknown}
 A - a scroll of magic mapping {unknown}
Potions
 g - 3 potions of curing {unknown}
 j - 3 potions of magic {unknown}
 m - a potion of haste {unknown}
 p - 2 potions of brilliance {unknown}
 s - a potion of degeneration {unknown}
 t - a potion of lignification {unknown}
 z - 2 potions of might {unknown}
 B - 4 potions of ambrosia {unknown}
 E - 2 potions of mutation {unknown}
 J - 2 potions of flight {unknown}
 K - a potion of invisibility
 L - a potion of agility
Comestibles
 c - 11 rations
 i - 6 chunks of flesh


   Skills:
 - Level 1.1 Fighting
 - Level 6.7 Armour
 + Level 3.9 Dodging
 - Level 1.7 Stealth
 + Level 4.5 Spellcasting
 * Level 10.1 Conjurations
 - Level 7.1 Hexes


You had 8 spell levels left.
You knew the following spells:

 Your Spells              Type           Power        Failure   Level  Hunger
a - Magic Dart            Conj           ####         1%          1    None
b - Searing Ray           Conj           ######       1%          2    None
c - Dazzling Spray        Conj/Hex       #####.       1%          3    ##.....
d - Fulminant Prism       Conj/Hex       #####.....   5%          4    ####...

Your spell library contained the following spells:

 Spells                   Type           Power        Failure   Level  Hunger
 Iskenderun's Mystic Bla  Conj           ######..     3%          4    ####...
 Force Lance              Conj/Tloc      ####....     24%         4    ####...


Dungeon Overview and Level Annotations

Branches:
Dungeon (10/15)            Temple (0/1) D:6
   Lair: D:8-11         Orc: D:9-12

Shops:
D:4 [


Innate Abilities, Weirdness & Mutations

You have an increased reservoir of magic. (+10% MP)


Message History

The brown ugly thing is moderately wounded.
The searing ray misses the brown ugly thing.
The searing ray hits the bullfrog skeleton!
You destroy the bullfrog skeleton!
The brown ugly thing claws you.
You are splashed with acid!
The searing ray hits the brown ugly thing!
The brown ugly thing is moderately wounded.
The searing ray hits the yak!!
The yak is heavily wounded.
You finish channeling your searing ray.
The brown ugly thing claws you.
You are splashed with acid!
Okay, then.
As you read the scroll of teleportation, it crumbles to dust.
You feel strangely unstable. The brown ugly thing misses you.
There is an open door here.
You see here a dagger.
The brown ugly thing claws you!
* * * LOW HITPOINT WARNING * * *
You are splashed with acid!
You die...

.'.......# .........#
##.......# .......uS#
#.......+ .........#
#.......# .........#
####'#### #####'# ##รท#
#..Y..# #..#
######Y##### #.##
#....u....# #.#
#...@.....# #.#
#.........# #.#
#......[..# ####.####
#.........#
.....>..#####.........#
####.##.))..'.......>.#
#.########.........#
#.# #.........# #.#
#####'#####


You could see a brown ugly thing and 2 yaks.

Vanquished Creatures
  Pikel (D:7)
  Joseph (D:8)
  A centaur skeleton (D:10)
  A troll (D:9)
  A wyvern (D:8)
  2 wraiths (D:10)
  2 hungry ghosts
  Menkaure (D:7)
  A water moccasin (D:7)
  Duvessa (D:6)
  2 slaves
  3 orc warriors
  2 phantoms
  An ice beast (D:5)
  A necrophage (D:5)
  3 sky beasts
  2 ogres (D:6)
  2 centaurs
  A black bear (D:7)
  A crocodile (D:10)
  5 bullfrogs
  A big kobold (D:9)
  A gnoll sergeant (D:9)
  Dowan (D:6)
  4 killer bees (D:7)
  14 wights
  2 howler monkeys (D:8)
  5 crimson imps
  6 hounds
  2 bullfrog skeletons
  2 jellies (D:5)
  6 orc priests
  4 iguanas
  5 orc wizards
  10 worker ants
  A killer bee zombie (D:8)
  2 hound skeletons
  Robin (D:3)
  7 gnolls
  10 adders
  A shadow imp (D:7)
  An ooze (D:6)
  2 adder zombies
  An adder skeleton (D:4)
  4 worms
  4 dart slugs
  5 leopard geckos
  20 orcs
  5 giant cockroaches
  19 goblins
  9 hobgoblins
  12 jackals
  3 quokkas
  A ball python (D:5)
  3 bats
  3 frilled lizards
  A jackal zombie (D:8)
  8 kobolds
  11 rats
  A fulminant prism (D:9)
233 creatures vanquished.

Vanquished Creatures (others)
  2 sky beasts
  33 fulminant prisms
  3 plants (D:9)
38 creatures vanquished.

Grand Total: 271 creatures vanquished

Notes
Turn   | Place    | Note
-------+----------+-------------------------------------------
     0 | D:1      | Folque the Demigod Conjurer began the quest for the Orb.
     0 | D:1      | Reached XP level 1. HP: 14/14 MP: 5/5
   532 | D:1      | Reached XP level 2. HP: 4/22 MP: 7/7
   800 | D:1      | Learned a level 2 spell: Searing Ray
   856 | D:1      | Reached skill level 4 in Conjurations
  1261 | D:2      | Reached skill level 1 in Fighting
  1318 | D:2      | Reached XP level 3. HP: 19/28 MP: 5/9
  1428 | D:2      | Learned a level 3 spell: Dazzling Spray
  1602 | D:2      | Noticed a sky beast
  1619 | D:2      | Killed a sky beast
  1619 | D:2      | Reached XP level 4. HP: 7/35 MP: 1/11
  2389 | D:3      | Reached XP level 5. HP: 32/40 MP: 2/13
  2473 | D:3      | Learned a level 4 spell: Fulminant Prism
  2475 | D:3      | Found a faded altar of an unknown god.
  2684 | D:3      | Noticed Robin
  2708 | D:3      | Reached skill level 1 in Hexes
  2720 | D:3      | Killed Robin
  3015 | D:3      | Noticed a moth of wrath
  3018 | D:3      | Found a bloodstained altar of Trog.
  3241 | D:4      | Reached skill level 5 in Conjurations
  3616 | D:4      | Found a shattered altar of Ashenzari.
  3617 | D:4      | Found an ornate altar of the Wu Jian Council.
  3656 | D:4      | Reached XP level 6. HP: 39/47 MP: 3/14
  3774 | D:4      | Found Ryxapec's Armour Emporium.
  4013 | D:4      | Found a sacrificial altar of Ru.
  4744 | D:5      | Entered Level 5 of the Dungeon
  4865 | D:5      | Found a white marble altar of Elyvilon.
  4915 | D:5      | Noticed a hungry ghost
  4923 | D:5      | Killed a hungry ghost
  4923 | D:5      | Reached XP level 7. HP: 41/52 MP: 4/15
  5330 | D:5      | Found a shimmering altar of Xom.
  5331 | D:5      | Found a hazy altar of Hepliaklqana.
  5332 | D:5      | Noticed a spectral ugly thing
  5354 | D:5      | Reached skill level 6 in Conjurations
  5392 | D:5      | Reached skill level 5 in Hexes
  5710 | D:6      | Noticed Dowan
  5711 | D:6      | Noticed Duvessa
  5937 | D:6      | Killed Duvessa
  6170 | D:6      | Reached XP level 8. HP: 59/59 MP: 1/16
  6296 | D:6      | Reached skill level 1 in Armour
  6315 | D:6      | Killed Dowan
  6449 | D:6      | Reached skill level 7 in Conjurations
  6456 | D:6      | Found a staircase to the Ecumenical Temple.
  7448 | D:7      | Reached skill level 8 in Conjurations
  7448 | D:7      | Reached XP level 9. HP: 41/64 MP: 3/17
  7497 | D:7      | Found an ancient bone altar of Kikubaaqudgha.
  7506 | D:7      | Noticed Pikel
  8047 | D:7      | Noticed Menkaure
  8052 | D:7      | Killed Pikel
  8274 | D:7      | Killed Menkaure
  8348 | D:7      | Found a deep blue altar of Sif Muna.
  8354 | D:7      | Reached skill level 5 in Armour
  8919 | D:8      | Noticed Joseph
  8927 | D:8      | Killed Joseph
  9091 | D:8      | Reached skill level 9 in Conjurations
  9735 | D:9      | Reached XP level 10. HP: 33/71 MP: 3/19
  9996 | D:8      | Found an opulent altar of Gozag.
 10001 | D:8      | Found a sparkling altar of Nemelex Xobeh.
 10002 | D:8      | Found a blossoming altar of Fedhas.
 10012 | D:8      | Found a burning altar of Makhleb.
 10503 | D:10     | Entered Level 10 of the Dungeon
 11081 | D:10     | Reached skill level 10 in Conjurations
 11159 | D:10     | Noticed a brown ugly thing
 11176 | D:10     | Splashed by a brown ugly thing's acid

Skill      XL: |  1  2  3  4  5  6  7  8  9 10 |
---------------+-------------------------------+-----
Spellcasting   | 2 3 4 |  4.5
Conjurations   | 4 5 6 8 9 10 | 10.1
Fighting       | 1 |  1.1
Dodging        | 2 3 |  3.9
Hexes          | 2 4 5 7 |  7.1
Armour         | 3 6 |  6.7
Stealth        | |  1.7

Action                   |  1- 3 |  4- 6 |  7- 9 | 10-12 || total
-------------------------+-------+-------+-------+-------++-------
Melee: Short sword       |    74 |    10 |       |       ||    84
       Unarmed           |     7 |       |       |       ||     7
       Quarterstaff      |       |    16 |       |       ||    16
       Dagger            |       |    97 |    13 |       ||   110
       Glaive            |       |       |    89 |       ||    89
       Long sword        |       |       |     2 |    26 ||    28
Throw: Javelin           |       |       |     3 |       ||     3
 Cast: Magic Dart        |    12 |    25 |    38 |     4 ||    79
       Searing Ray       |     3 |    21 |    52 |    17 ||    93
       Dazzling Spray    |       |     7 |     7 |     9 ||    23
       Fulminant Prism   |       |       |    29 |     5 ||    34
Evoke: Wand              |       |       |       |     4 ||     4
  Use: Potion            |     1 |       |     1 |     1 ||     3
       Scroll            |       |       |     5 |     1 ||     6
 Stab: Sleeping          |     5 |     2 |     2 |     1 ||    10
       Invisible         |       |     1 |     1 |     1 ||     3
  Eat: Chunk             |     3 |     8 |    17 |     6 ||    34
       Ration            |       |     1 |     2 |       ||     3
Armor: Robe              |    15 |    18 |    21 |       ||    54
       Ring mail         |       |       |    37 |    24 ||    61
Dodge: Dodged            |    67 |    90 |   138 |    58 ||   353
       Rpst.: Long sword |       |       |       |    19 ||    19
